 Dungeon Crawl Stone Soup version 0.24-a0-335-g06ca16a (webtiles) character file.

Game seed: 17012850644827990699

15121 MisterFreud the Grappler (level 11, -12/105 HPs)
             Began as a Troll Monk on May 18, 2019.
             Was a Priest of Ru.
             Mangled by a large slime creature (32 damage)
             ... on level 11 of the Dungeon.
             The game lasted 00:19:46 (8802 turns).

MisterFreud the Grappler (Troll Monk)               Turns: 8802, Time: 00:19:47

Health: -12/105    AC: 10    Str: 24    XL:     11   Next: 97%
Magic:  0/18       EV: 17    Int: 11    God:    Ru [***...]
Gold:   818        SH: 12    Dex: 17    Spells: 10/10 levels left

rFire    . . .     SeeInvis .     - Unarmed
rCold    + . .     Gourm    +   E - +0 shield
rNeg     . . .     Faith    .   a - +1 robe
rPois    .         Spirit   +   j - +3 hat of Pondering {ponderous, MR+ MP+10 Int+5}
rElec    .         Reflect  .   (no cloak)
rCorr    .         Harm     .   (gloves unavailable)
MR       +....                  (boots unavailable)
Stlth    ..........             K - amulet of guardian spirit
HPRegen  0.67/turn              v - ring of protection from cold
MPRegen  0.16/turn              z - +5 ring of dexterity

@: studying Spellcasting, slow
A: large, unfitting armour, claws 3, fast metabolism 3, gourmand, low mp 1,
regeneration 1, shaggy fur 1, tough skin 3, no stealth, no charms magic, no ice
magic, no necromancy magic, disrupted magic 2
a: Draw Out Power, Renounce Religion


You were on level 11 of the Dungeon.
You worshipped Ru.
Ru was most pleased with you.
You were very full.

You visited 1 branch of the dungeon, and saw 12 of its levels.
You also visited: Sewer.

You collected 818 gold pieces.

Inventory:

Missiles
 e - 289 stones (quivered)
 o - 14 javelins
 r - 14 boomerangs
 D - a throwing net
Armour
 a - a +1 robe (worn)
 j - the +3 hat of Pondering (worn) {ponderous, MR+ MP+10 Int+5}
   (You took it off Gastronok on level 8 of the Dungeon)

   It affects your intelligence (+5).
   It affects your resistance to hostile enchantments.
   It affects your magic capacity (+10).
 E - a +0 shield (worn)
Jewellery
 v - a ring of protection from cold (left claw)
 z - a +5 ring of dexterity (right claw)
 F - an uncursed ring of magical power
 K - an amulet of guardian spirit (around neck)
 O - a cursed amulet of inaccuracy
Wands
 n - a wand of enslavement (7)
 y - a wand of clouds (2)
 A - a wand of polymorph (9)
 L - a wand of flame (22)
Scrolls
 d - 2 scrolls of noise
 f - 8 scrolls of remove curse
 g - a scroll of identify
 m - a scroll of fear
 s - a scroll of amnesia
 H - 2 scrolls of enchant weapon
 J - a scroll of blinking {unknown}
 N - a scroll of enchant armour
Potions
 c - 6 potions of curing
 h - a potion of berserk rage
 i - a potion of brilliance
 k - 6 potions of haste
 l - a potion of cancellation
 p - a potion of lignification
 q - 2 potions of agility
 t - 3 potions of degeneration
 u - 3 potions of invisibility
 w - 5 potions of flight
 x - 4 potions of heal wounds
 C - a potion of magic
 G - a potion of resistance
 I - a potion of mutation {unknown}
 M - a potion of might {unknown}
Books
 B - a manual of Spellcasting
Comestibles
 b - 24 rations


   Skills:
 - Level 6.0 Fighting
 + Level 2.1 Throwing
 - Level 10.0 Dodging
 - Level 9.0 Shields
 - Level 10.1 Unarmed Combat


You had 10 spell levels left.
You didn't know any spells.
Your spell library contained the following spells:

 Spells                   Type           Power        Failure   Level  Hunger
 Corona                   Hex            #......      52%         1    ##.....
 Confuse                  Hex            #.......     85%         3    ####...
 Dazzling Spray           Conj/Hex       #.....       85%         3    ####...
 Tukima's Dance           Hex            #.......     85%         3    ####...
 Cause Fear               Hex            #.........   99%         4    #####..
 Silence                  Hex/Air        #.........   100%        5    ######.
 Yara's Violent Unravell  Hex/Tmut       #.........   100%        5    ######.
 Discord                  Hex            #.........   100%        8    #######
 Ensorcelled Hibernation  Hex/Ice        Unusable     N/A         2    N/A
 Deflect Missiles         Chrm/Air       Unusable     N/A         6    N/A

Dungeon Overview and Level Annotations

Branches:
Dungeon (12/15)            Temple (0/1) D:5            Lair (0/6) D:9
    Orc (0/2) D:11

Altars:
Ashenzari
Fedhas
Kikubaaqudgha
Qazlal
Ru
Uskayaw
Yredelemnul
Zin
The Shining One

Shops:
D:11 [


Innate Abilities, Weirdness & Mutations

You are too large for most types of armour.
You have claws for hands.
Your metabolism is lightning-fast.
You like to eat raw meat.
Your magical capacity is low. (-10% MP)
Your natural rate of healing is unusually fast.
You are covered in fur. (AC +1)
You have extremely tough skin. (AC +3)
You cannot be stealthy.
You cannot study or cast Charms magic.
You cannot study or cast Ice magic.
You cannot study or cast Necromancy magic.
Your casting is disrupted.


Message History

Two slime creatures merge to form a very large slime creature.
Okay, then.
Unknown command.
The slime creature completely misses you.
The kobold misses you.
You block the very large slime creature's attack.
You closely miss the kobold. The slime creature closely misses you.
You block the kobold's attack.
You mangle the kobold!!
You kill the kobold!
A very large slime creature splits.
The slime creature hits you!
* * * LOW HITPOINT WARNING * * *
You claw the slime creature!
The slime creature is moderately wounded.
The large slime creature completely misses you.
The slime creature barely misses you.
You completely miss the slime creature.
The slime creature is moderately wounded.
The slime creature barely misses you. The large slime creature hits you!!
You die...

## ####
#########
.# #..#
#.......#
.# #.>#
#..######
.# #..#
#..# .#
#..# #..#
.# #..#
#@J# .#
#..# #JJ#
.# #..#
#..# .#
#..# #..#
.# #..#
#..# .#
#..# #..#
.# #..#
#..# .#
#..# #..#
.# #..#
#..#


You could see a large slime creature and 2 slime creatures.

Vanquished Creatures
  Gastronok (D:8)
  Josephine (D:11)
  2 two-headed ogres
  Urug (D:10)
  An orc knight (D:11)
  A manticore (D:11)
  Joseph (D:9)
  A troll (D:12)
  Prince Ribbit (D:8)
  5 slime creatures (D:9)
  3 hippogriffs
  4 hogs (D:7)
  4 wyverns
  4 wraiths (D:11)
  A water elemental (D:12)
  7 yaks
  A human (D:7)
  A hungry ghost (D:8)
  An acid dragon (D:11)
  3 sky beasts
  4 ice beasts
  3 orc warriors
  5 ogres
  7 centaurs
  3 big kobolds
  8 bullfrogs
  A gnoll sergeant (D:7)
  3 scorpions
  A water moccasin skeleton (D:6)
  3 wights (D:5)
  9 howler monkeys
  7 crimson imps
  6 hounds
  A centaur zombie (D:8)
  3 jellies
  7 orc priests
  A bullfrog skeleton (D:11)
  3 iguanas
  5 orc wizards
  11 worker ants
  2 hound skeletons
  A worker ant zombie (D:11)
  5 gnolls (D:7)
  14 adders
  A howler monkey skeleton (D:9)
  2 river rats (Sewer)
  A shadow imp (D:6)
  2 oozes
  An adder skeleton (D:5)
  7 worms
  A dart slug (D:4)
  6 leopard geckos
  15 orcs
  A giant cockroach (D:4)
  7 goblins
  5 hobgoblins
  3 jackals (D:2)
  28 kobolds
  2 quokkas
  5 ball pythons
  7 bats
  5 frilled lizards
  A jackal zombie (D:5)
  A leopard gecko skeleton (D:5)
  A quokka skeleton (D:4)
  11 rats
270 creatures vanquished.

Vanquished Creatures (others)
  A hippogriff (D:11)
  A kobold (D:12)
2 creatures vanquished.

Grand Total: 272 creatures vanquished

Notes
Turn   | Place    | Note
-------+----------+-------------------------------------------
     0 | D:1      | MisterFreud the Troll Monk began the quest for the Orb.
     0 | D:1      | Reached XP level 1. HP: 22/22 MP: 0/0
   169 | D:1      | Reached XP level 2. HP: 29/29 MP: 1/1
   817 | D:2      | Reached XP level 3. HP: 36/36 MP: 2/2
   982 | D:2      | Found a sacrificial altar of Ru.
   994 | D:2      | Became a worshipper of Ru the Awakened
  1011 | D:2      | Gained mutation: You cannot be stealthy. [Ru sacrifice]
  1151 | D:2      | Found a shattered altar of Ashenzari.
  1160 | D:2      | Reached XP level 4. HP: 22/44 MP: 3/3
  1176 | D:2      | Reached skill level 5 in Unarmed Combat
  1595 | D:3      | Reached XP level 5. HP: 44/50 MP: 4/4
  1819 | D:3      | Found a hide-covered altar of Uskayaw.
  1958 | D:4      | Noticed an ogre
  1966 | D:4      | Killed an ogre
  1966 | D:4      | Reached XP level 6. HP: 21/59 MP: 5/5
  2033 | D:4      | Noticed a water elemental
  2222 | D:4      | Reached XP level 7. HP: 44/66 MP: 6/6
  2276 | D:4      | Found a stormy altar of Qazlal.
  2306 | D:4      | Found a glowing drain.
  2324 | Sewer    | Entered a sewer
  2346 | Sewer    | Gained mutation: You cannot study or cast Ice magic. [Ru
                  | sacrifice]
  2346 | Sewer    | Gained mutation: You cannot study or cast Necromancy magic.
                  | [Ru sacrifice]
  2346 | Sewer    | Gained mutation: You cannot study or cast Charms magic. [Ru
                  | sacrifice]
  2346 | Sewer    | Reached * piety under Ru
  2443 | Sewer    | Found a glowing silver altar of Zin.
  2520 | D:4      | Noticed a fire elemental
  2520 | D:4      | Noticed an air elemental
  2625 | D:4      | Found a glowing silver altar of Zin.
  2838 | D:5      | Entered Level 5 of the Dungeon
  2885 | D:5      | Reached skill level 5 in Dodging
  2900 | D:5      | Reached XP level 8. HP: 74/74 MP: 7/7
  3345 | D:5      | Found a staircase to the Ecumenical Temple.
  3699 | D:6      | Noticed a hippogriff
  3713 | D:6      | Killed a hippogriff
  3845 | D:6      | Reached skill level 5 in Fighting
  3852 | D:6      | Gained mutation: Your casting is slightly disrupted. [Ru
                  | sacrifice]
  3852 | D:6      | Reached ** piety under Ru
  3912 | D:6      | Found a glowing golden altar of the Shining One.
  4081 | D:7      | Reached XP level 9. HP: 89/89 MP: 8/8
  4084 | D:7      | Found a sacrificial altar of Ru.
  4545 | D:7      | Found a basalt altar of Yredelemnul.
  4809 | D:7      | Found a blossoming altar of Fedhas.
  4809 | D:7      | Found an ancient bone altar of Kikubaaqudgha.
  4877 | D:8      | Noticed Gastronok
  4905 | D:8      | Killed Gastronok
  4905 | D:8      | Reached skill level 10 in Unarmed Combat
  4905 | D:8      | Reached XP level 10. HP: 35/98 MP: 9/9
  5279 | D:8      | Noticed Prince Ribbit
  5282 | D:8      | Killed Prince Ribbit
  5608 | D:8      | Reached skill level 1 in Shields
  6043 | D:9      | Noticed a two-headed ogre
  6066 | D:9      | Gained mutation: Your magical capacity is low. (-10% MP)
                  | [Ru sacrifice]
  6180 | D:9      | Killed a two-headed ogre
  6180 | D:9      | Reached XP level 11. HP: 97/105 MP: 8/8
  6270 | D:9      | Found a staircase to the Lair.
  6281 | D:9      | Noticed Joseph
  6298 | D:9      | HP: 5/105 [Joseph/+0 quarterstaff (14)]
  6634 | D:9      | Killed Joseph
  6737 | D:10     | Entered Level 10 of the Dungeon
  6778 | D:10     | Reached skill level 10 in Dodging
  6912 | D:10     | Noticed a two-headed ogre
  6921 | D:10     | Killed a two-headed ogre
  6921 | D:10     | Reached skill level 5 in Shields
  7486 | D:11     | Noticed Urug
  7506 | D:10     | Killed Urug
  7586 | D:11     | Noticed an orc knight
  7619 | D:11     | Killed an orc knight
  7662 | D:11     | Found a staircase to the Orcish Mines.
  7680 | D:11     | Noticed Josephine
  7703 | D:11     | Gained mutation: Your casting is disrupted. [Ru sacrifice]
  7703 | D:11     | Reached *** piety under Ru
  8015 | D:11     | Killed Josephine
  8357 | D:11     | Found Baoleni's Armour Emporium.
  8578 | D:11     | Reached skill level 1 in Throwing
  8802 | D:11     | Mangled by a large slime creature

Levels and vault maps discovered:
D:1:      saegor_arrival_simple_c, layout_loops_corners
D:2:      layout_rooms, lemuel_crystal_altar, nicolae_ru_awakened_eye
D:3:      wad_pebble_path, layout_rooms, eat_drink_and_be_merry_uskayaw,
          first_ration
D:4:      layout_basic, nicolae_qazlal_style_of_elements, zin_scriptorium,
          portal_sewer_entry_a, st_stairs_13, minmay_strange_pillars
D:5:      layout_gridville, minmay_temple_entry_hall
D:6:      layout_basic, nicolae_overflow_hidden_temple, minmay_manual_maat
D:7:      layout_basic, grunt_temple_overflow_growth_and_decay,
          overflow_temple_1_default, old_standard_altar, grunt_livestock
D:8:      layout_loops_ring, chequers_serial_rivers_small_b,
          uniq_prince_ribbit1, uniq_gastronok
D:9:      layout_loops_ring, lair_entry_dummy, uniq_joseph
D:10:     layout_gridville
D:11:     layout_long_grid, orc_david_3, uniq_josephine, uniq_urug
D:12:     layout_basic, gauntlet_entry_generic, uniq_nergalle

Skill      XL: |  1  2  3  4  5  6  7  8  9 10 11 |
---------------+----------------------------------+-----
Unarmed Combat | 4 5 7 8 10 | 10.1
Stealth        | 0 |  0.0
Dodging        | 5 6 8 9 10 | 10.0
Fighting       | 5 6 |  6.0
Shields        | 4 9 |  9.0
Throwing       | 2 |  2.1

Action                   |  1- 3 |  4- 6 |  7- 9 | 10-12 || total
-------------------------+-------+-------+-------+-------++-------
Melee: Unarmed           |    95 |   134 |   217 |   468 ||   914
       Punch             |     2 |     3 |    12 |     1 ||    18
Invok: Sacrifice Stealth |     1 |       |       |       ||     1
       Sacrifice Arcana  |       |       |     1 |       ||     1
       Sacrifice Essence |       |       |     1 |     2 ||     3
  Use: Scroll            |       |       |    14 |    11 ||    25
       Potion            |       |       |     2 |     1 ||     3
 Stab: Sleeping          |     2 |       |       |       ||     2
       Distracted        |       |       |       |     1 ||     1
  Eat: Chunk             |    16 |     8 |    21 |    43 ||    88
Armor: Robe              |    57 |    46 |    39 |    89 ||   231
Dodge: Dodged            |    53 |    71 |   104 |   223 ||   451
Block: Shield            |       |       |       |   228 ||   228

Table legend:
 A = Non-vault XP
 B = Vault XP
 C = Vault XP percentage of total XP
 D = Non-vault monster count
 E = Vault monster count
 F = Vault count percentage of total count
                 A         B        C        D         E       F
            +---------+---------+-------+---------+---------+-------
      Total |   13974 |    7628 |  35.3 |     234 |      37 |  13.7
            +---------+---------+-------+---------+---------+-------
        D:1 |      34 |       0 |   0.0 |      19 |       0 |   0.0
        D:2 |      95 |       0 |   0.0 |      24 |       0 |   0.0
        D:3 |     163 |       0 |   0.0 |      27 |       0 |   0.0
        D:4 |     610 |      16 |   2.6 |      18 |       5 |  21.7
        D:5 |     612 |       0 |   0.0 |      17 |       0 |   0.0
        D:6 |     753 |     246 |  24.6 |      12 |       2 |  14.3
        D:7 |     478 |     927 |  66.0 |      12 |       5 |  29.4
        D:8 |    1175 |    2373 |  66.9 |      13 |       2 |  13.3
        D:9 |    4106 |     412 |   9.1 |      30 |       1 |   3.2
       D:10 |    1669 |     815 |  32.8 |      24 |       1 |   4.0
       D:11 |    3660 |    2716 |  42.6 |      30 |      11 |  26.8
       D:12 |     619 |       0 |   0.0 |       8 |       0 |   0.0
      Sewer |       0 |     123 | 100.0 |       0 |      10 | 100.0
            +---------+---------+-------+---------+---------+-------
